 Dungeon Crawl Stone Soup version 0.20.1-1-g8b1a95d (webtiles) character file.

147 Reeggar the Insei (level 5, 0/41 HPs)
             Began as a Draconian Transmuter on Sept 28, 2017.
             Slain by a sky beast (5 damage)
             ... on level 3 of the Dungeon.
             The game lasted 00:23:31 (3569 turns).

Reeggar the Insei (Draconian Transmuter)            Turns: 3569, Time: 00:23:31

Health: 0/41       AC:  5    Str: 17    XL:     5   Next: 7%
Magic:  8/8        EV: 13    Int: 14    God:
Gold:   111        SH:  0    Dex: 12    Spells: 3/9 levels left

rFire    . . .     SeeInvis .     - Unarmed
rCold    . . .     Gourm    .   (no shield)
rNeg     . . .     Faith    .   (armour unavailable)
rPois    .         Spirit   .   (helmet restricted)
rElec    .         Reflect  .   (no cloak)
rCorr    .         Harm     .   (no gloves)
MR       .....                  (no boots)
Stlth    +.........             (no amulet)
Regen    0.2/turn               (no ring)
MPRegen  0.2/turn               (no ring)

@: mighty, very slightly contaminated
A: unfitting armour, cold-blooded, AC +5
a: no special abilities


You were on level 3 of the Dungeon.
You were not hungry.

You visited 1 branch of the dungeon, and saw 3 of its levels.

You collected 111 gold pieces.

Inventory:

Missiles
 a - 55 arrows
Scrolls
 d - a scroll of enchant armour
 e - a scroll of blinking
 h - 3 scrolls of remove curse
 m - a scroll of teleportation
Potions
 k - 3 potions of resistance
 l - a potion of lignification {unknown}
 o - a potion of agility {unknown}
Books
 b - a book of Changes

   Spells                             Type                      Level
   a - Beastly Appendage              Transmutation                1
   b - Sticks to Snakes               Transmutation                2
   c - Spider Form                    Transmutation/Poison         3
   d - Ice Form                       Ice/Transmutation            4
   e - Blade Hands                    Transmutation                5
Comestibles
 c - 2 chunks of flesh
 g - 2 fruits


   Skills:
 + Level 1.7 Fighting
 + Level 2.8 Dodging
 + Level 0.4 Stealth
 + Level 4.2 Unarmed Combat
 + Level 2.5 Spellcasting
 + Level 2.6 Transmutations
 + Level 0.2 Poison Magic


You had 3 spell levels left.
You knew the following spells:

 Your Spells              Type           Power        Failure   Level  Hunger
a - Beastly Appendage     Tmut           #.....       8%          1    #......
b - Sticks to Snakes      Tmut           #.......     12%         2    ###....
c - Spider Form           Tmut/Pois      #.........   36%         3    ###....


Dungeon Overview and Level Annotations

Branches:
Dungeon (3/15)

Altars:
Cheibriados
Hepliaklqana
Uskayaw
Vehumet


Innate Abilities, Weirdness & Mutations

Your plain brown scales are hard. (AC +5)
You cannot fit into any form of body armour.
You are cold-blooded and may be slowed by cold attacks.


Message History

You hit the sky beast but do no damage.
The sky beast is lightly wounded.
The sky beast closely misses you.
You closely miss the sky beast.
The sky beast is lightly wounded.
The sky beast hits you. The sky beast shocks you.
You closely miss the sky beast.
The sky beast is lightly wounded.
The sky beast flickers out of sight!
Deactivating autopickup; reactivate with Ctrl-A.
Something hits you. Something shocks you.
You miss something. You tail-slap something.
Something hits you but does no damage.
You hit something. Something hits you. Something shocks you.
* * * LOW HITPOINT WARNING * * *
You feel very mighty all of a sudden. Something hits you.
* * * LOW HITPOINT WARNING * * *
Something shocks you.
You die...

.........# #.......
........# #......# ......#
#......#######+#.....#
#......+....<........#
#......###.###.......#
#...................#
#....)###.#.##.#....#
#.....'.#....{@##'#$# ...
#.....#....((.....#... ..#
#.....######.#.#### ..# #.#
#.........#....# #.# #.#
#......##.#..### .# #.#
#......##....# # #.#
##'###.##...## #.###
#.##...#...#############...#
#.##.###.....#...........#.#


There were no monsters in sight!

Vanquished Creatures
  3 gnolls (D:2)
  2 adders
  2 oozes
  A worm (D:2)
  7 dart slugs
  2 leopard geckos
  An orc (D:3)
  7 bats
  4 giant cockroaches
  6 goblins
  5 hobgoblins
  4 jackals (D:1)
  13 kobolds
  A ball python (D:1)
  3 frilled lizards
  10 rats
71 creatures vanquished.

Notes
Turn   | Place    | Note
-------+----------+-------------------------------------------
     0 | D:1      | Reeggar the Draconian Transmuter began the quest for the Orb.
     0 | D:1      | Reached XP level 1. HP: 16/16 MP: 3/3
   124 | D:1      | You fall through a shaft!
   130 | D:2      | Reached XP level 2. HP: 20/23 MP: 3/5
   742 | D:1      | Reached XP level 3. HP: 19/28 MP: 4/6
  2000 | D:2      | Found a hazy altar of Hepliaklqana.
  2000 | D:2      | Found a hide-covered altar of Uskayaw.
  2001 | D:2      | Found a radiant altar of Vehumet.
  2173 | D:2      | Reached XP level 4. HP: 18/35 MP: 7/7
  2421 | D:2      | Reached skill level 4 in Unarmed Combat
  2456 | D:2      | Found a snail-covered altar of Cheibriados.
  2471 | D:2      | Learned a level 2 spell: Sticks to Snakes
  2475 | D:2      | Learned a level 3 spell: Spider Form
  3309 | D:3      | Reached XP level 5. HP: 38/41 MP: 8/8
  3546 | D:3      | Noticed a sky beast
  3569 | D:3      | Slain by a sky beast

Skill      XL: |  1  2  3  4 |
---------------+-------------+-----
Dodging        | 2 |  2.8
Unarmed Combat | 4 |  4.2
Fighting       | |  1.7
Stealth        | |  0.4
Spellcasting   | |  2.5
Transmutations | |  2.6
Poison Magic   | |  0.2

Action                   |  1- 3 |  4- 6 || total
-------------------------+-------+-------++-------
Melee: Unarmed           |   176 |    93 ||   269
       Headbutt          |     4 |     2 ||     6
       Kick              |     1 |     1 ||     2
       Tailslap          |    23 |    11 ||    34
       Punch             |     1 |     1 ||     2
 Cast: Beastly Appendage |    12 |     3 ||    15
       Spider Form       |       |     6 ||     6
  Use: Scroll            |     1 |     8 ||     9
       Potion            |       |     1 ||     1
 Stab: Sleeping          |     1 |       ||     1
  Eat: Bread ration      |     2 |       ||     2
       Chunk             |     1 |       ||     1
       Royal jelly       |       |     1 ||     1
Armor: Skin              |    63 |    23 ||    86
Dodge: Dodged            |   119 |    81 ||   200
